 Dungeon Crawl Stone Soup version 0.29.0-4-gdea44cf6ec (webtiles) character file.

Game seed: 16127406203574632643

11 qw the Chopper (level 2, 0/17 HPs)
             Began as a Tengu Warper on Aug 28, 2022.
             Slain by an adder (2 damage)
             ... on level 2 of the Dungeon.
             The game lasted 00:00:01 (222 turns).

qw the Chopper (Tengu Warper)                        Turns: 222, Time: 00:00:02

Health: 0/17       AC:  3    Str: 11    XL:     2   Next: 25%
Magic:  6/6        EV: 11    Int: 13    God:
Gold:   21         SH:  0    Dex: 13    Spells: 5/5 levels left

rFire   . . .      SeeInvis .   a - +0 hand axe
rCold   . . .      Faith    .   (no shield)
rNeg    . . .      Spirit   .   b - +0 leather armour
rPois   .          Reflect  .   (helmet restricted)
rElec   .          Harm     .   (no cloak)
rCorr   .          Rampage  .   (no gloves)
Will    .....                   (boots unavailable)
Stlth   +.........              (no amulet)
HPRegen 0.05/turn               (no ring)
MPRegen 0.10/turn               (no ring)

@: no status effects
A: beak, talons 3
a: no special abilities


You were on level 2 of the Dungeon.
You visited 1 branch of the dungeon, and saw 2 of its levels.

You collected 21 gold pieces.


Innate Abilities, Weirdness & Mutations

You have a beak for a mouth.
You have claws for feet.


   Skills:
 - Level 2.0 Fighting
 + Level 3.2 Axes
 - Level 1.0 Throwing
 - Level 1.1 Armour
 - Level 2.1 Dodging
 - Level 2.0 Spellcasting
 - Level 2.4 Translocations


You had 5 spell levels left.
You didn't know any spells.
Your spell library contained the following spells:

 Spells                   Type           Power      Damage    Failure   Level
 Blink                    Tloc           14%        N/A       19%         2
 Gell's Gravitas          Tloc           7%         N/A       36%         3
 Lesser Beckoning         Tloc           7%         N/A       36%         3
 Teleport Other           Tloc           7%         N/A       36%         3
 Manifold Assault         Tloc           7%         N/A       98%         5

Inventory:

Hand Weapons
 a - a +0 hand axe (weapon)
Armour
 b - a +0 leather armour (worn)
 e - a +0 pair of gloves
Scrolls
 c - a scroll of blinking
 f - a scroll of poison {unknown}
 g - a scroll of silence {unknown}

Dungeon Overview and Level Annotations

Branches:
Dungeon (1/15)

Altars:


Message History

The goblin is moderately wounded.
The goblin misses you.
You barely miss the goblin. You claw the goblin.
The goblin is severely wounded.
You completely miss the kobold. The goblin hits you with a +0 dagger.
The kobold hits you with a +0 dagger.
You hit the goblin.
You kill the goblin!
You hit the kobold but do no damage. The kobold barely misses you.
The giant cockroach bites you.
You hit the adder. Your kick misses the adder.
The adder is lightly wounded.
You closely miss the kobold. You hit the giant cockroach. The adder bites you.
The kobold hits you but does no damage. The giant cockroach barely misses you.
You slash the giant cockroach!
You kill the giant cockroach!
You hit the adder. You barely miss the kobold. The adder bites you.
The kobold closely misses you. The adder closely misses you.
You hit the adder. Your kick misses the adder.
The adder is heavily wounded.
You hit the kobold but do no damage. The kobold closely misses you.
The adder barely misses you.
You closely miss the adder.
The adder is heavily wounded.
You hit the kobold but do no damage. The kobold closely misses you.
The adder bites you.
You closely miss the adder. Your kick misses the adder.
Your peck misses the adder. Your punch misses the adder.
The adder is heavily wounded.
You closely miss the kobold. The adder bites you but does no damage.
The kobold closely misses you. The adder misses you.
The kobold barely misses you.
You hit the adder.
The adder is heavily wounded.
You hit the kobold.
You kill the kobold!
The adder misses you. The adder bites you.
You die...

#......... #.........
#+# #......... .
###.####........ ..
#......+........
#.######.#.####........
#.....).#..###......).
#...S...#.............
#...)@?##.............
#...%).##.............
....##'########..#######
.## .. ##.# .## #... #.
#.... # #....


You could see an adder.

Vanquished Creatures
  2 ball pythons (D:1)
  A bat (D:1)
  2 giant cockroaches
  A quokka (D:2)
  2 goblins (D:2)
  2 kobolds (D:2)
10 creatures vanquished.

Notes
Turn   | Place    | Note
-------+----------+-------------------------------------------
     0 | D:1      | qw the Tengu Warper began the quest for the Orb.
     0 | D:1      | Reached XP level 1. HP: 12/12 MP: 4/4
     0 | D:1      | 0 ||| qw: Version: 0.1-a-89-g26bdef1
     0 | D:1      | 0 ||| qw: Game counter: 1019
     0 | D:1      | 0 ||| qw: Always use a shield: true
     0 | D:1      | 0 ||| qw: God list: Okawaru
     0 | D:1      | 0 ||| qw: Allow faded altars: false
     0 | D:1      | 0 ||| qw: Do Orc after D:15 true
     0 | D:1      | 0 ||| qw: Do second Lair branch before Depths: true
     0 | D:1      | 0 ||| qw: Lair rune preference: random
     0 | D:1      | 0 ||| qw: Plans: Normal
     0 | D:1      | 0 ||| PLANNING D:1-11
   173 | D:1      | You fall into a shaft and drop 1 floor!
   181 | D:2      | Reached XP level 2. HP: 17/17 MP: 6/6
   202 | D:2      | 202 ||| Stepping ~*~*~tactically~*~*~ (stealth).
   209 | D:2      | Reached skill level 3 in Axes
   220 | D:2      | HP: 2/17 [adder (3)]
   222 | D:2      | Slain by an adder

Levels and vault maps discovered:
D:1:      shiori_arrival_elements, layout_basic
D:2:      layout_basic, basic_altar, serial_shops, nicolae_shop_hallway_plus,
          nicolae_shop_advertising_works [nicolae_subvault_shop_adworks],
          minmay_hexomino_p4

Skill      XL: |  1  2 |
---------------+-------+-----
Axes           | 3 |  3.2
Fighting       | |  2.0
Throwing       | |  1.0
Armour         | |  1.1
Dodging        | |  2.1
Spellcasting   | |  2.0
Translocations | |  2.4

Action                   || total
-------------------------++-------
Melee: Hand axe          ||    20
       Kick              ||     2
       Peck              ||     2
Throw: Boomerang         ||     7
Armor: Leather armour    ||     4
Dodge: Dodged            ||    20

Table legend:
 A = Non-vault XP
 B = Vault XP
 C = Vault XP percentage of total XP
 D = Non-vault monster count
 E = Vault monster count
 F = Vault count percentage of total count
                 A         B        C        D         E       F
            +---------+---------+-------+---------+---------+-------
      Total |      17 |       0 |   0.0 |      10 |       0 |   0.0
            +---------+---------+-------+---------+---------+-------
        D:1 |       8 |       0 |   0.0 |       4 |       0 |   0.0
        D:2 |       9 |       0 |   0.0 |       6 |       0 |   0.0
            +---------+---------+-------+---------+---------+-------
